Little Stars vs Blackdemons
Created - 14 décembre 2013 at 09:49
Goals
|
| Little Stars |
1 |
0 |
4 |
5 |
| Blackdemons |
2 |
1 |
0 |
3 |
|
Shots
|
| Little Stars |
11 |
8 |
15 |
34 |
| Blackdemons |
8 |
11 |
8 |
27 |
|
1st period
1. Blackdemons , Tomas Kopecky 22 (Curtis Glencross) at 5:46 (SH)
2. Little Stars , Pierre Dagenais 13 (Brendan Bell) at 5:52 (PP)
3. Blackdemons , Tomas Kopecky 23 (Shawn Matthias, Matt Hunwick) at 16:02
Penalties :
Jakub Kindl (MJM) for Goalie Interference (Minor) at 5:34, Mike Duco (MJM) for Goalie Interference (Minor) at 12:16
2nd period
4. Blackdemons , Tomas Kopecky 24 (Shawn Matthias) at 2:28
Penalties :
Matt Hunwick (MJM) for Hooking (Minor) at 8:52, Curtis Glencross (MJM) for Roughing (Minor) at 13:40, Ivan Majesky (Tex) for Spearing (Major / Game Misconduct) at 17:26
3rd period
5. Little Stars , T.J. Oshie 9 (Cody Bass, Boris Valabik) at 3:41
6. Little Stars , T.J. Oshie 10 (Cody Bass, Clay Wilson) at 9:17
7. Little Stars , Jimmy Hayes 2 (Clay Wilson, Matt Halischuk) at 10:19
8. Little Stars , Patrick O'Sullivan 11 (Pierre Dagenais) at 19:44 (Empty Net)
Penalties :
Zach Boychuk (MJM) for Slashing (Minor) at 6:08, Matt Hunwick (MJM) for Interference (Minor) at 15:15
Goalie Stats
Alex Auld (Tex), 24 saves from 27 shots - (0,889), W, 11-7-0, 60:00 minutes
Marc Denis (MJM), 29 saves from 33 shots - (0,879), L, 7-5-1, 59:16 minutes
Players Stats for Little Stars
Player Name G A P +/- PIM S H SB GA TA FO MP PP MP PK MP
------------------------------------------------------------------------------------
Alexander Vasyunov 0 0 0 1 0 0 0 0 0 0 0/0 7:30 0:00 0:00
Boris Valabik 0 1 1 -1 0 1 1 1 0 0 0/0 19:27 4:46 2:00
Brendan Bell 0 1 1 2 0 2 2 0 0 1 0/0 26:02 5:14 2:59
Cameron Schilling 0 0 0 0 0 0 0 1 0 1 0/0 10:12 0:00 1:56
Clay Wilson 0 2 2 2 0 2 2 1 0 0 0/0 15:19 2:36 0:00
Cody Bass 0 2 2 2 0 2 3 1 0 0 5/14 17:13 4:27 0:25
Corey Trivino 0 0 0 1 0 0 1 0 0 0 0/2 7:30 0:00 0:00
Ivan Majesky 0 0 0 -1 15 0 1 0 0 0 0/0 13:32 2:51 0:00
Jared Spurgeon 0 0 0 1 0 0 0 0 0 0 0/0 9:02 0:00 1:03
Jimmy Hayes 1 0 1 1 0 2 0 0 0 0 0/0 8:01 0:17 0:00
Marco Sturm 0 0 0 -2 0 1 1 0 1 0 0/1 23:05 5:24 2:26
Matt Halischuk 0 1 1 0 0 1 2 0 2 0 0/0 10:04 0:22 0:00
Matt Pelech 0 0 0 0 0 0 2 1 0 0 0/0 7:41 0:29 0:00
Oskar Osala 0 0 0 0 0 3 3 1 0 1 1/1 10:04 0:22 0:00
Patrick O'Sullivan 1 0 1 -2 0 5 0 0 0 0 18/34 22:33 5:29 2:24
Paul Postma 0 0 0 0 0 0 0 0 0 0 0/0 0:00 0:00 0:00
Pierre Dagenais 1 1 2 -2 0 3 3 0 1 0 0/0 21:56 5:24 1:17
Robert Czarnik 0 0 0 0 0 0 0 0 0 0 0/0 0:00 0:00 0:00
Shawn Thornton 0 0 0 2 0 1 2 2 0 0 0/1 17:46 4:27 0:58
T.J. Oshie 2 0 2 2 0 9 1 0 0 0 1/2 18:05 4:27 1:17
Tim Ramholt 0 0 0 -1 0 2 0 1 1 0 0/0 18:44 4:30 2:00
Tyler Haskins 0 0 0 0 0 0 0 0 0 0 3/5 11:14 0:00 1:11
Players Stats for Blackdemons
Player Name G A P +/- PIM S H SB GA TA FO MP PP MP PK MP
------------------------------------------------------------------------------------
Andrew MacDonald 0 0 0 -3 0 2 1 1 0 0 0/0 19:06 2:44 3:21
Antoine Roussel 0 0 0 -2 0 1 2 0 0 0 0/0 20:20 2:26 2:45
Curtis Glencross 0 1 1 3 2 2 1 1 0 0 4/8 20:40 2:20 4:39
Enver Lisin 0 0 0 -2 0 4 1 2 0 1 0/2 19:58 2:26 2:29
Frazer Mclaren 0 0 0 0 0 2 2 0 0 0 0/0 8:54 0:13 1:53
Jakub Kindl 0 0 0 1 2 0 2 1 1 0 0/0 24:14 2:26 5:14
Marc-André Cliche 0 0 0 -1 0 3 1 0 0 0 1/4 8:40 0:00 0:14
Matt Calvert 0 0 0 -1 0 1 0 0 0 0 1/1 7:29 0:00 0:00
Matt Hunwick 0 1 1 -2 4 1 4 2 0 1 0/0 24:31 1:43 2:36
Michael Kostka 0 0 0 1 0 0 0 0 0 0 0/0 6:06 0:00 1:13
Mike Duco 0 0 0 -1 2 2 1 0 0 0 1/1 8:46 0:13 0:00
Peter Harrold 0 0 0 2 0 0 1 1 0 1 0/0 22:46 0:50 3:15
Sam Gagner 0 0 0 -2 0 0 3 1 0 0 11/19 18:16 2:46 0:55
Shawn Belle 0 0 0 -1 0 0 4 2 0 1 0/0 22:49 1:43 4:47
Shawn Matthias 0 2 2 2 0 2 3 0 0 0 9/20 18:21 2:20 1:56
Steven Zalewski 0 0 0 0 0 0 0 0 0 1 3/3 6:40 0:00 0:00
Tomas Kopecky 3 0 3 2 0 6 2 1 2 0 1/1 22:01 2:20 5:35
Zach Boychuk 0 0 0 -2 2 1 0 0 0 0 1/1 10:04 0:25 0:00
3 Stars
1 - Tomas Kopecky (MJM)
2 - T.J. Oshie (Tex)
3 - Cody Bass (Tex)
Power Play
Little Stars - 1 on 6 Attempt(s) - 16,67%
Blackdemons - 0 on 1 Attempt(s) - 0,00%
Penalty Kill
Little Stars - 1 on 1 Attempt(s) - 100,00%
- Score 0 goal in Penalty Kill
Blackdemons - 5 on 6 Attempt(s) - 83,33%
- Score 1 goal in Penalty Kill
Official
Referees : Pollock Kevin and O'Halloran Dan
Linesman : Dan Schachte and Darren Gibbs
Game Notes
Michael Kostka is injured at 18:07 of 1st period (Bruised Left Shoulder)
Tomas Kopecky has scored a Hat Trick!
Ivan Majesky ejected from game at 17:26 of 2nd period
Patrick O'Sullivan has scored in a empty net!
Finance
Level 1 -- Attendance: 1496 (74,80%) -- Ticket Income 37 400 $
Level 2 -- Attendance: 772 (77,20%) -- Ticket Income 6 176 $
Total Attendance: 2268 (75,60%)
Total Ticket Income: 43 576 $
Other Income: 2 179 $
Total Income: 45 755 $
Little Stars
5 vs 5 Forward
Center Left Wing Right Wing Time % Phy DF OF
1 Patrick O'Sullivan Marco Sturm Pierre Dagenais 40 1 2 2
2 Cody Bass Shawn Thornton T.J. Oshie 30 1 2 2
3 Tyler Haskins Oskar Osala Matt Halischuk 20 1 2 2
4 Corey Trivino Alexander Vasyunov Jimmy Hayes 10 1 2 2
5 vs 5 Defense
Defense Defense Time % Phy DF OF
1 Brendan Bell Ivan Majesky 40 1 2 2
2 Tim Ramholt Boris Valabik 30 1 2 2
3 Clay Wilson Cameron Schilling 20 1 2 2
4 Jared Spurgeon Matt Pelech 10 1 2 2
PowerPlay Forward
Center Left Wing Right Wing Time % Phy DF OF
1 Patrick O'Sullivan Marco Sturm Pierre Dagenais 60 1 2 2
2 Cody Bass Shawn Thornton T.J. Oshie 40 1 2 2
PowerPlay Defense
Defense Defense Time % Phy DF OF
1 Brendan Bell Ivan Majesky 60 1 2 2
2 Tim Ramholt Boris Valabik 40 1 2 2
Penalty Kill 4 Players Forward
Center Wing Time % Phy DF OF
1 Patrick O'Sullivan Marco Sturm 60 1 2 2
2 Pierre Dagenais T.J. Oshie 40 1 2 2
Penalty Kill 4 Players Defense
Defense Defense Time % Phy DF OF
1 Brendan Bell Ivan Majesky 60 1 2 2
2 Tim Ramholt Boris Valabik 40 1 2 2
Penalty Kill - 3 Players Forward
Forward Time % Phy DF OF
1 Patrick O'Sullivan 60 1 2 2
2 Marco Sturm 40 1 2 2
Penalty Kill - 3 Players Defense
Defense Defense Time % Phy DF OF
1 Brendan Bell Ivan Majesky 60 1 2 2
2 Tim Ramholt Boris Valabik 40 1 2 2
4 vs 4 Forward
Center Wing Time % Phy DF OF
1 Patrick O'Sullivan Marco Sturm 60 1 2 2
2 Pierre Dagenais T.J. Oshie 40 1 2 2
4 vs 4 Defense
Defense Defense Time % Phy DF OF
1 Brendan Bell Ivan Majesky 60 1 2 2
2 Tim Ramholt Boris Valabik 40 1 2 2
Last Minutes Offensive
Center Left Wing Right Wing Defense Defense
Patrick O'Sullivan Marco Sturm Pierre Dagenais Brendan Bell Ivan Majesky
Last Minutes Defensive
Center Left Wing Right Wing Defense Defense
Patrick O'Sullivan Marco Sturm Pierre Dagenais Brendan Bell Ivan Majesky
Goaltenders
Starting : Alex Auld
Backup : Justin Pogge
Extra Forwards
Normal : Oskar Osala, Matt Halischuk, Tyler Haskins - PP : Oskar Osala, Matt Halischuk - PK : Tyler Haskins
Extra Defensemen
Normal : Clay Wilson, Cameron Schilling, Jared Spurgeon - PP : Clay Wilson - PK : Cameron Schilling, Jared Spurgeon
Penalty Shots
Patrick O'Sullivan, Marco Sturm, Pierre Dagenais, T.J. Oshie, Shawn Thornton
Blackdemons
5 vs 5 Forward
Center Left Wing Right Wing Time % Phy DF OF
1 Sam Gagner Antoine Roussel Enver Lisin 38 1 1 3
2 Shawn Matthias Curtis Glencross Tomas Kopecky 36 2 2 1
3 Marc-André Cliche Zach Boychuk Mike Duco 16 1 3 1
4 Steven Zalewski Matt Calvert Frazer Mclaren 10 1 4 0
5 vs 5 Defense
Defense Defense Time % Phy DF OF
1 Michael Kostka Jakub Kindl 35 1 3 1
2 Matt Hunwick Andrew MacDonald 30 1 3 1
3 Peter Harrold Shawn Belle 25 1 3 1
4 Matt Hunwick Jakub Kindl 10 1 4 0
PowerPlay Forward
Center Left Wing Right Wing Time % Phy DF OF
1 Sam Gagner Antoine Roussel Enver Lisin 55 1 0 4
2 Shawn Matthias Curtis Glencross Tomas Kopecky 45 2 0 3
PowerPlay Defense
Defense Defense Time % Phy DF OF
1 Michael Kostka Andrew MacDonald 60 0 2 3
2 Matt Hunwick Shawn Belle 40 0 2 3
Penalty Kill 4 Players Forward
Center Wing Time % Phy DF OF
1 Curtis Glencross Tomas Kopecky 60 1 4 0
2 Antoine Roussel Enver Lisin 40 0 4 1
Penalty Kill 4 Players Defense
Defense Defense Time % Phy DF OF
1 Matt Hunwick Shawn Belle 60 1 4 0
2 Michael Kostka Jakub Kindl 40 1 4 0
Penalty Kill - 3 Players Forward
Forward Time % Phy DF OF
1 Tomas Kopecky 60 1 4 0
2 Curtis Glencross 40 1 4 0
Penalty Kill - 3 Players Defense
Defense Defense Time % Phy DF OF
1 Matt Hunwick Shawn Belle 60 0 5 0
2 Michael Kostka Jakub Kindl 40 1 4 0
4 vs 4 Forward
Center Wing Time % Phy DF OF
1 Enver Lisin Antoine Roussel 60 0 2 3
2 Curtis Glencross Tomas Kopecky 40 2 2 1
4 vs 4 Defense
Defense Defense Time % Phy DF OF
1 Michael Kostka Andrew MacDonald 60 0 3 2
2 Peter Harrold Jakub Kindl 40 1 4 0
Last Minutes Offensive
Center Left Wing Right Wing Defense Defense
Sam Gagner Antoine Roussel Enver Lisin Michael Kostka Andrew MacDonald
Last Minutes Defensive
Center Left Wing Right Wing Defense Defense
Shawn Matthias Curtis Glencross Tomas Kopecky Matt Hunwick Jakub Kindl
Goaltenders
Starting : Marc Denis
Backup : Kevin Weekes
Extra Forwards
Normal : Zach Boychuk, Matt Calvert, Shawn Matthias - PP : Shawn Matthias, Zach Boychuk - PK : Shawn Matthias
Extra Defensemen
Normal : Peter Harrold, Shawn Belle, Jakub Kindl - PP : Jakub Kindl - PK : Andrew MacDonald, Peter Harrold
Penalty Shots
Enver Lisin, Curtis Glencross, Tomas Kopecky, Antoine Roussel, Shawn Matthias
% Time on Ice - Little Stars
Lines # - Real PCT - Wanted PCT - Time Play
Normal Forward
1 - 34% - 40% - 15:02
2 - 28% - 30% - 12:21
3 - 21% - 20% - 9:20
4 - 17% - 10% - 7:30
Normal Defense
1 - 39% - 40% - 17:22
2 - 28% - 30% - 12:14
3 - 17% - 20% - 7:33
4 - 16% - 10% - 7:04
PP Forward
1 - 56% - 60% - 5:46
2 - 44% - 40% - 4:27
PP Defense
1 - 56% - 60% - 5:43
2 - 44% - 40% - 4:30
PK Forward
1 - 74% - 60% - 3:42
2 - 26% - 40% - 1:17
PK Defense
1 - 60% - 60% - 2:59
2 - 40% - 40% - 2:00
PK3 Forward
1 - 0% - 60%
2 - 0% - 40%
PK3 Defense
1 - 0% - 60%
2 - 0% - 40%
44 Forward
1 - 0% - 60%
2 - 0% - 40%
44 Defense
1 - 0% - 60%
2 - 0% - 40%
Last Minute Offensive - 0:00
Last Minute Defensive - 0:35
Total
Forward - 60:00
Defense - 60:00
|
% Time on Ice - Blackdemons
Lines # - Real PCT - Wanted PCT - Time Play
Normal Forward
1 - 33% - 38% - 14:23
2 - 33% - 36% - 14:19
3 - 19% - 16% - 8:26
4 - 15% - 10% - 6:40
Normal Defense
1 - 39% - 35% - 17:13
2 - 31% - 30% - 13:31
3 - 26% - 25% - 11:23
4 - 4% - 10% - 1:41
PP Forward
1 - 53% - 55% - 2:39
2 - 47% - 45% - 2:20
PP Defense
1 - 66% - 60% - 3:16
2 - 34% - 40% - 1:43
PK Forward
1 - 76% - 60% - 7:44
2 - 24% - 40% - 2:29
PK Defense
1 - 52% - 60% - 5:21
2 - 48% - 40% - 4:52
PK3 Forward
1 - 0% - 60%
2 - 0% - 40%
PK3 Defense
1 - 0% - 60%
2 - 0% - 40%
44 Forward
1 - 0% - 60%
2 - 0% - 40%
44 Defense
1 - 0% - 60%
2 - 0% - 40%
Last Minute Offensive - 1:00
Last Minute Defensive - 0:00
Total
Forward - 60:00
Defense - 60:00
|
Play by Play
1st period
0:01 of 1st period - Patrick O'Sullivan wins face-off versus Sam Gagner in neutral zone.
0:27 of 1st period - Snap shot by Curtis Glencross.
0:27 of 1st period - Shot Hit the Post.
0:33 of 1st period - Slapshot by Brendan Bell.
0:33 of 1st period - Deflect By T.J. Oshie.
0:33 of 1st period - Stopped by Marc Denis without a rebound.
0:34 of 1st period - Marc-André Cliche wins face-off versus Tyler Haskins in Blackdemons zone.
0:34 of 1st period - Marc-André Cliche is hit by Matt Halischuk.
2:29 of 1st period - Sam Gagner is hit by Shawn Thornton and loses puck.
3:15 of 1st period - Off-side.
3:16 of 1st period - Shawn Matthias wins face-off versus Patrick O'Sullivan in neutral zone.
3:25 of 1st period - Backhand shot by Tomas Kopecky.
3:25 of 1st period - Stopped by Alex Auld with a rebound.
3:27 of 1st period - Snap shot by Shawn Matthias.
3:27 of 1st period - Stopped by Alex Auld with a rebound.
3:29 of 1st period - Slapshot by Matt Hunwick.
3:29 of 1st period - Deflect By Curtis Glencross.
3:29 of 1st period - Stopped by Alex Auld with a rebound.
4:11 of 1st period - Ivan Majesky is hit by Shawn Belle.
4:15 of 1st period - Frazer Mclaren is hit by Ivan Majesky and loses puck.
4:28 of 1st period - Slapshot by Brendan Bell.
4:28 of 1st period - Shot Misses the Net.
5:13 of 1st period - Icing by Matt Hunwick.
5:14 of 1st period - Steven Zalewski wins face-off versus Corey Trivino in Blackdemons zone.
5:34 of 1st period - Minor Penalty to Jakub Kindl for Goalie Interference.
5:35 of 1st period - Curtis Glencross wins face-off versus Patrick O'Sullivan in Blackdemons zone.
5:46 of 1st period - Snap shot by Tomas Kopecky.
5:46 of 1st period - Goal by Tomas Kopecky - Little Stars : 0 - Blackdemons : 1.
5:47 of 1st period - Curtis Glencross wins face-off versus Patrick O'Sullivan in neutral zone.
5:52 of 1st period - Snap shot by Pierre Dagenais.
5:52 of 1st period - Goal by Pierre Dagenais - Little Stars : 1 - Blackdemons : 1.
5:53 of 1st period - Patrick O'Sullivan wins face-off versus Shawn Matthias in neutral zone.
6:18 of 1st period - Snap shot by Matt Halischuk.
6:18 of 1st period - Shot Misses the Net.
7:18 of 1st period - Snap shot by Curtis Glencross.
7:18 of 1st period - Shot Misses the Net.
7:20 of 1st period - Slapshot by Shawn Matthias.
7:20 of 1st period - Deflect By Brendan Bell.
7:20 of 1st period - Stopped by Alex Auld without a rebound.
7:21 of 1st period - Patrick O'Sullivan wins face-off versus Shawn Matthias in Little Stars zone.
8:16 of 1st period - Wrist shot by T.J. Oshie.
8:16 of 1st period - Stopped by Marc Denis with a rebound.
8:31 of 1st period - Clay Wilson is hit by Frazer Mclaren.
8:45 of 1st period - Marco Sturm is hit by Shawn Matthias and loses puck.
8:54 of 1st period - Tomas Kopecky is hit by Pierre Dagenais.
9:36 of 1st period - Wrist shot by Matt Halischuk.
9:36 of 1st period - Stopped by Marc Denis with a rebound.
9:56 of 1st period - Snap shot by Oskar Osala.
9:56 of 1st period - Stopped by Marc Denis without a rebound.
9:57 of 1st period - Patrick O'Sullivan wins face-off versus Shawn Matthias in Blackdemons zone.
10:19 of 1st period - Icing by Pierre Dagenais.
10:20 of 1st period - Patrick O'Sullivan wins face-off versus Sam Gagner in Little Stars zone.
10:45 of 1st period - Tomas Kopecky is hit by Clay Wilson and loses puck.
10:54 of 1st period - Curtis Glencross is hit by Pierre Dagenais and loses puck.
11:18 of 1st period - Brendan Bell is hit by Peter Harrold and loses puck.
11:27 of 1st period - Shawn Belle is hit by Corey Trivino and loses puck.
12:12 of 1st period - Ivan Majesky is hit by Mike Duco and loses puck.
12:16 of 1st period - Minor Penalty to Mike Duco for Goalie Interference.
12:17 of 1st period - Patrick O'Sullivan wins face-off versus Curtis Glencross in Blackdemons zone.
12:32 of 1st period - Snap shot by Pierre Dagenais.
12:32 of 1st period - Shot Misses the Net.
12:42 of 1st period - Tomas Kopecky is hit by Shawn Thornton and loses puck.
13:56 of 1st period - Pierre Dagenais is hit by Jakub Kindl and loses puck.
14:16 of 1st period - Penalty to Mike Duco is over, Mike Duco is back on ice.
14:23 of 1st period - Wrist shot by Shawn Matthias.
14:23 of 1st period - Deflect By Oskar Osala.
14:23 of 1st period - Shot Hit the Post.
14:23 of 1st period - Puck is out of play.
14:24 of 1st period - Tyler Haskins wins face-off versus Enver Lisin in Little Stars zone.
15:12 of 1st period - Snap shot by Tomas Kopecky.
15:12 of 1st period - Stopped by Alex Auld with a rebound.
15:28 of 1st period - Boris Valabik is hit by Shawn Belle and loses puck.
15:43 of 1st period - T.J. Oshie is hit by Sam Gagner and loses puck.
15:50 of 1st period - Slapshot by Clay Wilson.
15:50 of 1st period - Stopped by Marc Denis without a rebound.
15:51 of 1st period - Shawn Matthias wins face-off versus Patrick O'Sullivan in Blackdemons zone.
16:02 of 1st period - Wrist shot by Tomas Kopecky.
16:02 of 1st period - Goal by Tomas Kopecky - Little Stars : 1 - Blackdemons : 2.
16:03 of 1st period - Sam Gagner wins face-off versus Patrick O'Sullivan in neutral zone.
16:12 of 1st period - Marco Sturm is hit by Matt Hunwick and loses puck.
16:38 of 1st period - Snap shot by Tomas Kopecky.
16:38 of 1st period - Shot Misses the Net.
17:48 of 1st period - Snap shot by T.J. Oshie.
17:48 of 1st period - Stopped by Marc Denis with a rebound.
18:06 of 1st period - Michael Kostka is hit by Oskar Osala and loses puck.
18:07 of 1st period - Michael Kostka from Blackdemons is injured at 18:07 of 1st period (Bruised Left Shoulder).
18:08 of 1st period - Patrick O'Sullivan wins face-off versus Sam Gagner in Blackdemons zone.
18:13 of 1st period - Snap shot by Patrick O'Sullivan.
18:13 of 1st period - Stopped by Marc Denis with a rebound.
18:15 of 1st period - Backhand shot by Pierre Dagenais.
18:15 of 1st period - Shot Blocked by Enver Lisin.
18:17 of 1st period - Slapshot by Boris Valabik.
18:17 of 1st period - Stopped by Marc Denis without a rebound.
18:18 of 1st period - Sam Gagner wins face-off versus Patrick O'Sullivan in Blackdemons zone.
18:29 of 1st period - Wrist shot by Antoine Roussel.
18:29 of 1st period - Stopped by Alex Auld with a rebound.
18:47 of 1st period - Snap shot by Antoine Roussel.
18:47 of 1st period - Shot Misses the Net.
19:17 of 1st period - Snap shot by Marco Sturm.
19:17 of 1st period - Shot Misses the Net.
19:19 of 1st period - Snap shot by Marco Sturm.
19:19 of 1st period - Stopped by Marc Denis with a rebound.
19:21 of 1st period - Slapshot by Tim Ramholt.
19:21 of 1st period - Deflect By Patrick O'Sullivan.
19:21 of 1st period - Shot Misses the Net.
19:21 of 1st period - Puck is out of play.
19:22 of 1st period - Shawn Matthias wins face-off versus Cody Bass in Blackdemons zone.
19:22 of 1st period - Shawn Matthias is hit by Brendan Bell.
19:28 of 1st period - Snap shot by Cody Bass.
19:28 of 1st period - Stopped by Marc Denis with a rebound.
19:38 of 1st period - Ivan Majesky is hit by Shawn Matthias.
19:42 of 1st period - Brendan Bell is hit by Andrew MacDonald and loses puck.
2nd period
0:01 of 2nd period - Patrick O'Sullivan wins face-off versus Shawn Matthias in neutral zone.
0:04 of 2nd period - Snap shot by Pierre Dagenais.
0:04 of 2nd period - Shot Misses the Net.
0:30 of 2nd period - Slapshot by Cody Bass.
0:30 of 2nd period - Shot Misses the Net.
0:32 of 2nd period - Slapshot by Brendan Bell.
0:32 of 2nd period - Stopped by Marc Denis without a rebound.
0:33 of 2nd period - Sam Gagner wins face-off versus Cody Bass in Blackdemons zone.
1:15 of 2nd period - Icing by Marco Sturm.
1:16 of 2nd period - Matt Calvert wins face-off versus Tyler Haskins in Little Stars zone.
1:16 of 2nd period - Peter Harrold is hit by Oskar Osala and loses puck.
2:05 of 2nd period - Snap shot by Cody Bass.
2:05 of 2nd period - Stopped by Marc Denis with a rebound.
2:07 of 2nd period - Snap shot by Cody Bass.
2:07 of 2nd period - Shot Misses the Net.
2:09 of 2nd period - Slapshot by T.J. Oshie.
2:09 of 2nd period - Shot Misses the Net.
2:11 of 2nd period - Snap shot by Shawn Thornton.
2:11 of 2nd period - Shot Blocked by Matt Hunwick.
2:13 of 2nd period - Slapshot by Tim Ramholt.
2:13 of 2nd period - Stopped by Marc Denis without a rebound.
2:14 of 2nd period - Shawn Matthias wins face-off versus Cody Bass in Blackdemons zone.
2:14 of 2nd period - Shawn Matthias is hit by Cody Bass.
2:26 of 2nd period - Wrist shot by Curtis Glencross.
2:26 of 2nd period - Stopped by Alex Auld without a rebound.
2:27 of 2nd period - Shawn Matthias wins face-off versus Patrick O'Sullivan in Little Stars zone.
2:28 of 2nd period - Wrist shot by Tomas Kopecky.
2:28 of 2nd period - Goal by Tomas Kopecky - Little Stars : 1 - Blackdemons : 3.
2:29 of 2nd period - Shawn Matthias wins face-off versus Patrick O'Sullivan in neutral zone.
2:54 of 2nd period - Peter Harrold is hit by Cody Bass and loses puck.
3:01 of 2nd period - Slapshot by T.J. Oshie.
3:01 of 2nd period - Stopped by Marc Denis without a rebound.
3:02 of 2nd period - Cody Bass wins face-off versus Shawn Matthias in Blackdemons zone.
3:24 of 2nd period - Icing by Andrew MacDonald.
3:25 of 2nd period - Patrick O'Sullivan wins face-off versus Shawn Matthias in Blackdemons zone.
3:32 of 2nd period - Snap shot by Patrick O'Sullivan.
3:32 of 2nd period - Stopped by Marc Denis with a rebound.
3:36 of 2nd period - Snap shot by Pierre Dagenais.
3:36 of 2nd period - Shot Blocked by Tomas Kopecky.
3:38 of 2nd period - Snap shot by Patrick O'Sullivan.
3:38 of 2nd period - Stopped by Marc Denis without a rebound.
3:39 of 2nd period - Sam Gagner wins face-off versus Cody Bass in Blackdemons zone.
3:44 of 2nd period - Snap shot by T.J. Oshie.
3:44 of 2nd period - Stopped by Marc Denis without a rebound.
3:45 of 2nd period - Sam Gagner wins face-off versus Cody Bass in Blackdemons zone.
4:11 of 2nd period - Slapshot by Shawn Belle.
4:11 of 2nd period - Shot Misses the Net.
4:27 of 2nd period - Pierre Dagenais is hit by Tomas Kopecky and loses puck.
4:45 of 2nd period - Off-side.
4:46 of 2nd period - T.J. Oshie wins face-off versus Sam Gagner in neutral zone.
4:50 of 2nd period - Off-side.
4:51 of 2nd period - Cody Bass wins face-off versus Sam Gagner in neutral zone.
4:54 of 2nd period - Wrist shot by Cody Bass.
4:54 of 2nd period - Shot Misses the Net.
5:02 of 2nd period - Snap shot by Enver Lisin.
5:02 of 2nd period - Stopped by Alex Auld with a rebound.
5:04 of 2nd period - Slapshot by Matt Hunwick.
5:04 of 2nd period - Deflect By Enver Lisin.
5:04 of 2nd period - Stopped by Alex Auld with a rebound.
5:21 of 2nd period - Slapshot by Brendan Bell.
5:21 of 2nd period - Deflect By Oskar Osala.
5:21 of 2nd period - Shot Misses the Net.
5:21 of 2nd period - Puck is out of play.
5:22 of 2nd period - Tyler Haskins wins face-off versus Curtis Glencross in Blackdemons zone.
6:03 of 2nd period - Marco Sturm is hit by Shawn Belle and loses puck.
6:18 of 2nd period - Matt Hunwick is hit by Matt Pelech and loses puck.
6:36 of 2nd period - Corey Trivino is hit by Frazer Mclaren and loses puck.
6:59 of 2nd period - Oskar Osala is hit by Shawn Matthias and loses puck.
7:22 of 2nd period - Marco Sturm is hit by Sam Gagner and loses puck.
7:42 of 2nd period - Shawn Thornton is hit by Marc-André Cliche.
8:27 of 2nd period - Boris Valabik is hit by Enver Lisin and loses puck.
8:44 of 2nd period - Snap shot by Pierre Dagenais.
8:44 of 2nd period - Shot Blocked by Peter Harrold.
8:46 of 2nd period - Backhand shot by Patrick O'Sullivan.
8:46 of 2nd period - Stopped by Marc Denis without a rebound.
8:47 of 2nd period - Shawn Matthias wins face-off versus Patrick O'Sullivan in Blackdemons zone.
8:52 of 2nd period - Minor Penalty to Matt Hunwick for Hooking.
8:53 of 2nd period - Tomas Kopecky wins face-off versus Marco Sturm in Blackdemons zone.
10:52 of 2nd period - Penalty to Matt Hunwick is over, Matt Hunwick is back on ice.
11:56 of 2nd period - Slapshot by Tomas Kopecky.
11:56 of 2nd period - Stopped by Alex Auld without a rebound.
11:57 of 2nd period - Shawn Matthias wins face-off versus Cody Bass in Little Stars zone.
12:36 of 2nd period - Pierre Dagenais is hit by Antoine Roussel.
12:48 of 2nd period - Wrist shot by Marc-André Cliche.
12:48 of 2nd period - Stopped by Alex Auld with a rebound.
12:50 of 2nd period - Slapshot by Marc-André Cliche.
12:50 of 2nd period - Stopped by Alex Auld with a rebound.
12:52 of 2nd period - Slapshot by Mike Duco.
12:52 of 2nd period - Stopped by Alex Auld with a rebound.
12:54 of 2nd period - Slapshot by Matt Hunwick.
12:54 of 2nd period - Deflect By Cameron Schilling.
12:54 of 2nd period - Stopped by Alex Auld without a rebound.
12:55 of 2nd period - Shawn Matthias wins face-off versus Cody Bass in Little Stars zone.
13:06 of 2nd period - Snap shot by Curtis Glencross.
13:06 of 2nd period - Deflect By Ivan Majesky.
13:06 of 2nd period - Shot Blocked by Shawn Thornton.
13:06 of 2nd period - Puck is out of play.
13:07 of 2nd period - Patrick O'Sullivan wins face-off versus Sam Gagner in Little Stars zone.
13:18 of 2nd period - Snap shot by Pierre Dagenais.
13:18 of 2nd period - Shot Misses the Net.
13:20 of 2nd period - Wrist shot by Pierre Dagenais.
13:20 of 2nd period - Shot Blocked by Sam Gagner.
13:22 of 2nd period - Slapshot by Ivan Majesky.
13:22 of 2nd period - Shot Blocked by Enver Lisin.
13:37 of 2nd period - Slapshot by Boris Valabik.
13:37 of 2nd period - Shot Misses the Net.
13:39 of 2nd period - Wrist shot by T.J. Oshie.
13:39 of 2nd period - Shot Misses the Net.
13:40 of 2nd period - Minor Penalty to Curtis Glencross for Roughing.
13:41 of 2nd period - Patrick O'Sullivan wins face-off versus Shawn Matthias in Blackdemons zone.
14:08 of 2nd period - Brendan Bell is hit by Tomas Kopecky and loses puck.
14:53 of 2nd period - Jakub Kindl is hit by Cody Bass and loses puck.
15:40 of 2nd period - Penalty to Curtis Glencross is over, Curtis Glencross is back on ice.
15:40 of 2nd period - Jakub Kindl is hit by Boris Valabik and loses puck.
17:19 of 2nd period - Wrist shot by Marc-André Cliche.
17:19 of 2nd period - Shot Blocked by Matt Pelech.
17:21 of 2nd period - Slapshot by Mike Duco.
17:21 of 2nd period - Stopped by Alex Auld without a rebound.
17:22 of 2nd period - Zach Boychuk wins face-off versus Cody Bass in Little Stars zone.
17:23 of 2nd period - Wrist shot by Mike Duco.
17:23 of 2nd period - Shot Blocked by Cody Bass.
17:26 of 2nd period - Major / Game Misconduct Penalty to Ivan Majesky for Spearing.
17:26 of 2nd period - Ivan Majesky is ejected from game.
17:27 of 2nd period - Sam Gagner wins face-off versus Patrick O'Sullivan in Little Stars zone.
18:04 of 2nd period - Slapshot by Enver Lisin.
18:04 of 2nd period - Deflect By Boris Valabik.
18:04 of 2nd period - Stopped by Alex Auld with a rebound.
19:26 of 2nd period - Shawn Matthias is hit by Brendan Bell and loses puck.
3rd period
0:01 of 3rd period - Sam Gagner wins face-off versus Patrick O'Sullivan in neutral zone.
0:42 of 3rd period - Snap shot by Pierre Dagenais.
0:42 of 3rd period - Stopped by Marc Denis with a rebound.
1:25 of 3rd period - Icing by Tomas Kopecky.
1:26 of 3rd period - Tyler Haskins wins face-off versus Shawn Matthias in Blackdemons zone.
2:26 of 3rd period - Penalty to Ivan Majesky is over, Pierre Dagenais is send on ice.
2:39 of 3rd period - Wrist shot by Steven Zalewski.
2:39 of 3rd period - Shot Misses the Net.
2:41 of 3rd period - Wrist shot by Frazer Mclaren.
2:41 of 3rd period - Stopped by Alex Auld with a rebound.
3:06 of 3rd period - Wrist shot by Steven Zalewski.
3:06 of 3rd period - Shot Blocked by Cameron Schilling.
3:08 of 3rd period - Slapshot by Jakub Kindl.
3:08 of 3rd period - Deflect By Frazer Mclaren.
3:08 of 3rd period - Stopped by Alex Auld without a rebound.
3:09 of 3rd period - Cody Bass wins face-off versus Marc-André Cliche in Little Stars zone.
3:21 of 3rd period - Icing by Cody Bass.
3:22 of 3rd period - Sam Gagner wins face-off versus T.J. Oshie in Little Stars zone.
3:23 of 3rd period - Snap shot by Enver Lisin.
3:23 of 3rd period - Shot Blocked by Shawn Thornton.
3:39 of 3rd period - Wrist shot by T.J. Oshie.
3:39 of 3rd period - Stopped by Marc Denis with a rebound.
3:41 of 3rd period - Wrist shot by T.J. Oshie.
3:41 of 3rd period - Goal by T.J. Oshie - Little Stars : 2 - Blackdemons : 3.
3:42 of 3rd period - Sam Gagner wins face-off versus Shawn Thornton in neutral zone.
4:09 of 3rd period - Peter Harrold is hit by Oskar Osala and loses puck.
4:31 of 3rd period - Off-side.
4:32 of 3rd period - Mike Duco wins face-off versus Patrick O'Sullivan in neutral zone.
4:35 of 3rd period - Slapshot by Jakub Kindl.
4:35 of 3rd period - Deflect By Zach Boychuk.
4:35 of 3rd period - Shot Misses the Net.
4:35 of 3rd period - Puck is out of play.
4:36 of 3rd period - Patrick O'Sullivan wins face-off versus Marc-André Cliche in Little Stars zone.
4:49 of 3rd period - Snap shot by Pierre Dagenais.
4:49 of 3rd period - Shot Misses the Net.
4:51 of 3rd period - Snap shot by Patrick O'Sullivan.
4:51 of 3rd period - Shot Misses the Net.
4:53 of 3rd period - Slapshot by Tim Ramholt.
4:53 of 3rd period - Deflect By Jakub Kindl.
4:53 of 3rd period - Stopped by Marc Denis without a rebound.
4:54 of 3rd period - Sam Gagner wins face-off versus Cody Bass in Blackdemons zone.
5:05 of 3rd period - Antoine Roussel is hit by Clay Wilson and loses puck.
5:25 of 3rd period - Snap shot by Pierre Dagenais.
5:25 of 3rd period - Deflect By Marco Sturm.
5:25 of 3rd period - Shot Misses the Net.
5:25 of 3rd period - Puck is out of play.
5:26 of 3rd period - Patrick O'Sullivan wins face-off versus Shawn Matthias in Blackdemons zone.
5:33 of 3rd period - Slapshot by Pierre Dagenais.
5:33 of 3rd period - Shot Misses the Net.
5:35 of 3rd period - Wrist shot by Tim Ramholt.
5:35 of 3rd period - Shot Blocked by Matt Hunwick.
5:51 of 3rd period - Tim Ramholt is hit by Antoine Roussel and loses puck.
6:03 of 3rd period - Off-side.
6:04 of 3rd period - Oskar Osala wins face-off versus Marc-André Cliche in neutral zone.
6:08 of 3rd period - Minor Penalty to Zach Boychuk for Slashing.
6:09 of 3rd period - Curtis Glencross wins face-off versus Patrick O'Sullivan in Blackdemons zone.
6:22 of 3rd period - Wrist shot by Patrick O'Sullivan.
6:22 of 3rd period - Shot Blocked by Curtis Glencross.
7:39 of 3rd period - Shawn Matthias is hit by T.J. Oshie and loses puck.
8:08 of 3rd period - Penalty to Zach Boychuk is over, Zach Boychuk is back on ice.
8:16 of 3rd period - Backhand shot by Oskar Osala.
8:16 of 3rd period - Stopped by Marc Denis with a rebound.
8:18 of 3rd period - Snap shot by Oskar Osala.
8:18 of 3rd period - Stopped by Marc Denis with a rebound.
8:28 of 3rd period - Wrist shot by Jimmy Hayes.
8:28 of 3rd period - Stopped by Marc Denis without a rebound.
8:29 of 3rd period - Steven Zalewski wins face-off versus Corey Trivino in Blackdemons zone.
8:29 of 3rd period - Steven Zalewski is hit by Matt Pelech.
8:39 of 3rd period - Backhand shot by Matt Calvert.
8:39 of 3rd period - Stopped by Alex Auld without a rebound.
8:40 of 3rd period - Patrick O'Sullivan wins face-off versus Shawn Matthias in Little Stars zone.
9:17 of 3rd period - Snap shot by T.J. Oshie.
9:17 of 3rd period - Goal by T.J. Oshie - Little Stars : 3 - Blackdemons : 3.
9:18 of 3rd period - Patrick O'Sullivan wins face-off versus Sam Gagner in neutral zone.
9:45 of 3rd period - Cody Bass is hit by Jakub Kindl and loses puck.
10:02 of 3rd period - Brendan Bell is hit by Matt Hunwick and loses puck.
10:19 of 3rd period - Wrist shot by Jimmy Hayes.
10:19 of 3rd period - Goal by Jimmy Hayes - Little Stars : 4 - Blackdemons : 3.
10:20 of 3rd period - Patrick O'Sullivan wins face-off versus Enver Lisin in neutral zone.
10:25 of 3rd period - Wrist shot by Pierre Dagenais.
10:25 of 3rd period - Stopped by Marc Denis with a rebound.
10:45 of 3rd period - T.J. Oshie is hit by Curtis Glencross.
10:48 of 3rd period - Off-side.
10:49 of 3rd period - Cody Bass wins face-off versus Curtis Glencross in neutral zone.
11:04 of 3rd period - Slapshot by Andrew MacDonald.
11:04 of 3rd period - Stopped by Alex Auld with a rebound.
11:26 of 3rd period - Snap shot by T.J. Oshie.
11:26 of 3rd period - Shot Misses the Net.
11:28 of 3rd period - Backhand shot by Clay Wilson.
11:28 of 3rd period - Stopped by Marc Denis without a rebound.
11:29 of 3rd period - Patrick O'Sullivan wins face-off versus Sam Gagner in Blackdemons zone.
11:38 of 3rd period - Enver Lisin is hit by Marco Sturm.
11:58 of 3rd period - Slapshot by Zach Boychuk.
11:58 of 3rd period - Shot Blocked by Tim Ramholt.
12:18 of 3rd period - Wrist shot by Jimmy Hayes.
12:18 of 3rd period - Shot Blocked by Shawn Belle.
13:12 of 3rd period - Slapshot by Brendan Bell.
13:12 of 3rd period - Shot Blocked by Jakub Kindl.
13:24 of 3rd period - Snap shot by Curtis Glencross.
13:24 of 3rd period - Shot Blocked by Clay Wilson.
13:34 of 3rd period - Slapshot by Brendan Bell.
13:34 of 3rd period - Stopped by Marc Denis without a rebound.
13:35 of 3rd period - Sam Gagner wins face-off versus Patrick O'Sullivan in Blackdemons zone.
13:35 of 3rd period - Sam Gagner is hit by Pierre Dagenais.
14:44 of 3rd period - Icing by Shawn Belle.
14:45 of 3rd period - Steven Zalewski wins face-off versus Patrick O'Sullivan in Blackdemons zone.
15:15 of 3rd period - Minor Penalty to Matt Hunwick for Interference.
15:16 of 3rd period - Curtis Glencross wins face-off versus Patrick O'Sullivan in Blackdemons zone.
15:49 of 3rd period - Wrist shot by Tim Ramholt.
15:49 of 3rd period - Shot Blocked by Shawn Belle.
15:51 of 3rd period - Wrist shot by Shawn Thornton.
15:51 of 3rd period - Stopped by Marc Denis without a rebound.
15:52 of 3rd period - Cody Bass wins face-off versus Curtis Glencross in Blackdemons zone.
15:53 of 3rd period - Slapshot by T.J. Oshie.
15:53 of 3rd period - Shot Misses the Net.
15:55 of 3rd period - Snap shot by T.J. Oshie.
15:55 of 3rd period - Stopped by Marc Denis with a rebound.
15:57 of 3rd period - Wrist shot by Cody Bass.
15:57 of 3rd period - Shot Blocked by Andrew MacDonald.
17:15 of 3rd period - Penalty to Matt Hunwick is over, Matt Hunwick is back on ice.
17:22 of 3rd period - Snap shot by Marc-André Cliche.
17:22 of 3rd period - Stopped by Alex Auld with a rebound.
17:24 of 3rd period - Slapshot by Andrew MacDonald.
17:24 of 3rd period - Stopped by Alex Auld with a rebound.
17:26 of 3rd period - Slapshot by Andrew MacDonald.
17:26 of 3rd period - Shot Blocked by Boris Valabik.
17:28 of 3rd period - Snap shot by Zach Boychuk.
17:28 of 3rd period - Stopped by Alex Auld with a rebound.
17:30 of 3rd period - Wrist shot by Mike Duco.
17:30 of 3rd period - Shot Blocked by Oskar Osala.
17:32 of 3rd period - Slapshot by Jakub Kindl.
17:32 of 3rd period - Shot Misses the Net.
17:47 of 3rd period - Oskar Osala is hit by Sam Gagner.
17:51 of 3rd period - Enver Lisin is hit by Matt Halischuk and loses puck.
18:33 of 3rd period - Pierre Dagenais is hit by Matt Hunwick and loses puck.
18:40 of 3rd period - Pierre Dagenais is hit by Matt Hunwick.
18:55 of 3rd period - T.J. Oshie is hit by Shawn Belle and loses puck.
19:00 of 3rd period - Blackdemons, Marc Denis is pulled from the net.
19:04 of 3rd period - Wrist shot by Enver Lisin.
19:04 of 3rd period - Stopped by Alex Auld with a rebound.
19:44 of 3rd period - Slapshot by Patrick O'Sullivan.
19:44 of 3rd period - Goal by Patrick O'Sullivan - Little Stars : 5 - Blackdemons : 3.
19:44 of 3rd period - Marc Denis from Blackdemons was sent back in the game.
19:45 of 3rd period - Patrick O'Sullivan wins face-off versus Shawn Matthias in neutral zone.
Output by the SimonT Hockey Simulator (STHS) for François Prévost -- Original Page W3C XHTML 1.0 Valid